Cogmind - Beta 17 @@@ ROGUE MODE // 2026.08.10 @ 00:36:58 Player: Leumast Result: Destroyed by G-47 Trooper with Particle Gun Performance ------------- Evolutions (2) 1000 Regions Visited (3) 600 Robots Destroyed (21) 105 Value Destroyed (458) 458 Prototype IDs (13) 260 Alien Tech Used (0) 0 Bonus (0) 0 TOTAL SCORE: 2423 Bonus ------- None Cogmind --------- Core Integrity 0/550 Matter 57/300 Energy 280/280 System Corruption 1% Temperature Cool (9) Movement Core (200) Ox3 Location -8/Materials Parts ------- > --- POWER (1) -------- Heavy Ion Engine > --- PROPULSION (4) --- Improved VTOL Module > --- UTILITY (4) ------ Improved Terrain Scanner > --- WEAPON (2) ------- Enhanced Autogun > --- INVENTORY (5) ---- Ion Engine Peak State ------------ > --- POWER ------------ Improved Ion Engine > --- PROPULSION ------- Improved Aluminum Leg Carbon-fiber Leg VTOL Module Improved VTOL Module > --- UTILITY ---------- Small Storage Unit Structural Scanner Improved Sensor Array Hardened Light Armor Plating > --- WEAPON ----------- Assault Rifle Assault Rifle > --- INVENTORY -------- Ion Engine Light Ion Engine Heavy Ion Engine Light Nuclear Core VTOL Module Improved Terrain Scanner Hardened Light Armor Plating Grenade Launcher [Rating: 23] Favorites ----------- Power Ion Engine Engine Ion Engine Power Core Light Nuclear Core Propulsion Aluminum Leg Treads Light Treads Leg Aluminum Leg Wheel Wheel Flight Unit Improved VTOL Module Utility Small Storage Unit Device Structural Scanner Storage Small Storage Unit Protection Hardened Light Armor Plating Weapon Assault Rifle Energy Gun Heavy EM Pulse Gun Ballistic Gun Assault Rifle Ballistic Cannon Assault Cannon Launcher Grenade Launcher Build | -11 -10 -9 -8 ------- Run | Yrd Mat Mat Mat Slots Evolved 4 | . . 2 2 Power . | . . . . Propulsion 2 | . . 2 . Utility 2 | . . . 2 Weapon . | . . . . Parts Attached 36 | 7 2 5 22 Power 4 | 1 . . 3 Engine 3 | 1 . . 2 Core 1 | . . . 1 Reactor . | . . . . Propulsion 11 | 3 . 2 6 Treads 1 | 1 . . . Leg 4 | 2 . . 2 Wheel 3 | . . 2 1 Hover . | . . . . Flight 3 | . . . 3 Utility 12 | 1 2 . 9 Device 5 | . 1 . 4 Storage 2 | 1 1 . . Processor . | . . . . Hackware . | . . . . Protection 5 | . . . 5 Artifact . | . . . . Weapon 9 | 2 . 3 4 Energy Gun 1 | . . . 1 Energy Cannon . | . . . . Ballistic Gun 6 | 2 . 2 2 Ballistic Cannon 1 | . . . 1 Launcher 1 | . . 1 . Special Weapon . | . . . . Impact Weapon . | . . . . Slashing Weapon . | . . . . Piercing Weapon . | . . . . Special Melee Weapon . | . . . . Unidentified Prototypes 2 | . . . 2 Parts Lost 21 | . . . 21 Power 2 | . . . 2 Propulsion 6 | . . . 6 Utility 7 | . . . 7 Weapon 6 | . . . 6 Highest Loss Streak 9 | . . . 9 To Critical Strikes . | . . . . Average Backups 7 | 5 7 7 7 Power 1 | . 1 1 1 Propulsion 1 | 2 2 . . Utility 2 | . 2 3 3 Weapon 1 | 1 1 2 2 Tool/Special . | . . . . Unused Backups 20 | . 9 7 4 Power 4 | . . . 4 Propulsion 2 | . 2 . . Utility 8 | . 6 2 . Weapon 6 | . 1 5 . Tool/Special . | . . . . Average Slot Usage (%) 91 | . 98 99 83 Engine 9 | . 14 11 6 Leg 21 | . 28 22 16 Wheel 6 | . . 21 5 Flight 2 | . . . 5 Device 12 | . 12 11 13 Storage 10 | . 14 11 8 Protection 4 | . . . 9 Ballistic Gun 19 | . 28 21 12 Peak Build Rating 23 | 6 7 12 23 Average Rating 11 | 5 6 10 16 On Entrance 6 | . 6 7 12 Avg Prop Armor Cover (%) 5 | 24 . 8 3 Naked Turns . | . . . . Heaviest Build 31 | 14 15 17 31 Greatest Support 33 | 20 20 20 33 Greatest Overweight (x) 6 | . . . 6 Average Overweight (x) . | . . . . Largest Inventory Capacity 25 | 8 25 8 8 Average Capacity 7 | 7 8 8 7 Most Carried 8 | 8 8 8 8 Average Carried 7 | 5 7 7 7 Final Capacity 8 | 8 8 8 5 Final Carried 8 | 8 8 8 1 Class Distribution -------------------- 100% | Mutant Dominant Class ---------------- Mutant | -10/Materials Mutant | -9/Materials Mutant | -8/Materials Resources | -11 -10 -9 -8 ----------- Run | Yrd Mat Mat Mat Matter Collected 918 | 251 169 69 429 Remotely . | . . . . Salvage Created 520 | 74 51 69 326 Parts 37 | 2 5 9 21 Haulers Intercepted 1 | . . . 1 Recyclers Shooed 1 | 1 . . . Parts Field Recycled . | . . . . Retrieved Matter . | . . . . Parts Self-Destructed . | . . . . Prevented . | . . . . Parts Restored . | . . . . Kills | -11 -10 -9 -8 ------- Run | Yrd Mat Mat Mat Combat Hostiles Destroyed 13 | . . 4 9 Guns 8 | . . 3 5 Cannons 2 | . . . 2 AOE 3 | . . 1 2 Classes Destroyed 11 | 2 1 2 6 Worker 1 | . . . 1 Builder 1 | . . . 1 Tunneler 1 | 1 . . . Hauler 1 | . . . 1 Recycler 1 | 1 . . . Mechanic 1 | . . . 1 Watcher 2 | . 2 . . Swarmer 7 | . . 3 4 Grunt 1 | . . . 1 Sentry 3 | . . 1 2 Hunter 2 | . . . 2 Best Kill Streak 5 | 2 1 3 5 Combat Bots Only 5 | . . 3 5 Max Kills in Single Turn 2 | 1 1 1 2 Gunslinging . | . . . . Exploded 1 | . . 1 1 Melee . | . . . . Uniques/NPCs Destroyed . | . . . . Combat | -11 -10 -9 -8 -------- Run | Yrd Mat Mat Mat Hostile Shots Fired 250 | . . 17 233 Missed 66 | . . 7 59 Hits 184 | . . 10 174 Melee 19 | . . . 19 Projectile 165 | . . 10 155 Critical Strikes 9 | . . 1 8 Damage Taken 2983 | . . 124 2859 Core 599 | . . 39 560 Absorbed by Shields . | . . . . Core Remaining (%) 96 | 100 100 90 . Volleys Fired 70 | 8 12 8 42 Largest 2 | 2 2 2 2 Hottest 67 | 40 40 53 67 Shots Fired 131 | 16 24 16 75 Gun 109 | 16 24 13 56 Cannon 9 | . . . 9 Launcher 13 | . . 3 10 Special . | . . . . Kinetic 118 | 16 24 13 65 Thermal . | . . . . Explosive 13 | . . 3 10 Electromagnetic . | . . . . Robot Hit Streak 11 | 2 3 5 11 Robot Miss Streak 4 | 2 4 1 4 Penetration Max . | . . . . Secondary Targets 1 | . . . 1 Max Gunslinging Chain 1 | . . . 1 Shots Hit Robots 70 | 9 9 11 41 Core Hits 33 | 3 3 5 22 Critical Kills . | . . . . Critical Parts Destroyed 2 | . 1 . 1 Critical Strikes 2 | . 1 . 1 Destroy 2 | . 1 . 1 Melee Attacks . | . . . . Impact . | . . . . Slashing . | . . . . Piercing . | . . . . Sneak Attacks . | . . . . Combat Hostiles . | . . . . Follow-up Attacks . | . . . . Damage Inflicted 1274 | 124 109 158 883 Guns 802 | 124 109 109 460 Cannons 144 | . . . 144 Explosions 314 | . . 49 265 Melee . | . . . . Ramming 14 | . . . 14 Kinetic 946 | 124 109 109 604 Thermal . | . . . . Explosive 314 | . . 49 265 Electromagnetic . | . . . . Impact . | . . . . Slashing . | . . . . Piercing . | . . . . Highest Corruption 2 | . 2 . 1 Average Corruption 1 | . 2 . 1 Corruption Purged . | . . . . Corruption Blocked . | . . . . Effects 1 | . . . 1 Message Errors 1 | . . . 1 Overload Shots . | . . . . Overflow Damage . | . . . . Projectiles . | . . . . Explosions . | . . . . Melee . | . . . . Knockbacks . | . . . . Impact . | . . . . Kinetic . | . . . . Secondary . | . . . . Self-Inflicted Damage 17 | . . . 17 Shots 2 | . . . 2 Rammed 4 | . . . 4 Targets Rammed 7 | . . . 7 Kicked 3 | . . . 3 Crushed . | . . . . Highest Temperature 56 | . . 39 56 Average Temperature 11 | . . 25 9 Received Heat Transfer 819 | . . 45 774 Siege Activations . | . . . . Martial Activations . | . . . . Shielding Activations . | . . . . Robots Disrupted . | . . . . Combat Hostiles . | . . . . Robots Corrupted . | . . . . Combat Hostiles . | . . . . Parts Fried . | . . . . Impact Corruptions . | . . . . Robots Melted . | . . . . Combat Hostiles . | . . . . Parts Melted . | . . . . Heat Transferred . | . . . . Parts Sabotaged . | . . . . Parts Stolen . | . . . . Parts Stripped . | . . . . Power Chain Reactions . | . . . . Alert | -11 -10 -9 -8 ------- Run | Yrd Mat Mat Mat Maximum Alert Level . | . . . . Low Security (%) 100 | 100 100 100 100 Level 1 . | . . . . Level 2 . | . . . . Level 3 . | . . . . Level 4 . | . . . . Level 5 . | . . . . High Security . | . . . . Max Security . | . . . . Peak Influence 122 | 10 14 60 122 Initial . | . . . . Average 25 | . 1 21 46 Influence Increases 549 | 10 43 134 362 Destroy 0b10 Robot/C 260 | . . 80 180 Destroy 0b10 Robot/NC 40 | 10 10 . 20 Destroy Leader 76 | . 4 20 52 Successful Hack 53 | . 29 19 5 Disable Machine 45 | . . . 45 Destroy Structure 75 | . . 15 60 Influence Decreases 549 | 10 43 134 362 Time Decay 410 | 10 43 105 252 Lost Part 110 | . . . 110 Purge Threat 29 | . . 29 . Squads Dispatched 1 | . . . 1 Investigation . | . . . . Extermination . | . . . . Reinforcement 1 | . . . 1 Assault . | . . . . Garrison . | . . . . Intercept . | . . . . Searches Triggered . | . . . . Construction Impeded . | . . . . Haulers Reinforced . | . . . . Active Scanning Responses . | . . . . Cargo Convoy Interrupts . | . . . . Stealth | -11 -10 -9 -8 --------- Run | Yrd Mat Mat Mat Distress Signals 3 | . . . 3 Communications Jammed . | . . . . Distress Signals . | . . . . Times Spotted 34 | . 3 4 27 Peak Tracking Total 8 | . 2 3 8 Tactical Retreats . | . . . . Traps | -11 -10 -9 -8 ------- Run | Yrd Mat Mat Mat Traps Triggered 2 | . 1 . 1 Indirectly . | . . . . Trap Hack Attempts . | . . . . Triggered . | . . . . Disarmed . | . . . . Reprogrammed . | . . . . Reused . | . . . . Traps Extracted . | . . . . Installed . | . . . . Triggered . | . . . . Machines | -11 -10 -9 -8 ---------- Run | Yrd Mat Mat Mat Machines Disabled 3 | . . . 3 Max in Single Turn 1 | . . . 1 Machines Repaired . | . . . . Machines Dismantled . | . . . . Machines Sabotaged . | . . . . Overloaded Fab Kills . | . . . . Hacking | -11 -10 -9 -8 --------- Run | Yrd Mat Mat Mat Machines Accessed 16 | . 7 7 2 Terminals 16 | . 7 7 2 Fabricators . | . . . . Repair Stations . | . . . . Recycling Units . | . . . . Scanalyzers . | . . . . Garrison Access . | . . . . Total Hacks 43 | . 17 21 5 Successful 23 | . 10 9 4 Failed 20 | . 7 12 1 Catastrophic 3 | . 2 1 . Database Lockouts . | . . . . Manual . | . . . . Terminals 43 | . 17 21 5 Fabricators . | . . . . Repair Stations . | . . . . Recycling Units . | . . . . Scanalyzers . | . . . . Garrison Access . | . . . . Terminal Hacks 23 | . 10 9 4 Record 5 | . 3 2 . Robot Analysis 2 | . 1 1 . Prototype ID Bank 5 | . 1 3 1 Emergency Access Points 2 | . 1 . 1 Unreport Threat 1 | . . 1 . Locate Traps 2 | . 1 1 . Dispatch Records 1 | . . . 1 Zone Layout 5 | . 3 1 1 Fabricator Hacks . | . . . . Repair Station Hacks . | . . . . Recycling Unit Hacks . | . . . . Scanalyzer . | . . . . Garrison Access Hacks . | . . . . Unauthorized Hacks . | . . . . Terminals . | . . . . Fabricators . | . . . . Repair Stations . | . . . . Recycling Units . | . . . . Scanalyzers . | . . . . Garrison Access . | . . . . Data Cores Recovered . | . . . . Used . | . . . . Hacking Detections 14 | . 6 6 2 Full Trace Events 1 | . . 1 . Feedback Events . | . . . . Feedback Blocked . | . . . . Robot Schematics Acquired . | . . . . Robots Built . | . . . . Authchips . | . . . . Time . | . . . . Total Robot Build Rating . | . . . . Part Schematics Acquired . | . . . . Parts Built . | . . . . Authchips . | . . . . Time . | . . . . Total Part Build Rating . | . . . . Part Studies Acquired . | . . . . Parts Repaired . | . . . . Time . | . . . . Parts Recycled . | . . . . Recycled Matter . | . . . . Retrieved Matter . | . . . . Retrieved Components . | . . . . Parts Scanalyzed . | . . . . Part Schematics Acquired . | . . . . Parts Damaged . | . . . . Bothacking | -11 -10 -9 -8 ------------ Run | Yrd Mat Mat Mat Used RIF Installer . | . . . . Robots Hacked . | . . . . Non-combat . | . . . . Combat . | . . . . Robot Hacks Applied . | . . . . Relay Couplers Released . | . . . . Fabnet Peak Effective % . | . . . . Robots Rewired . | . . . . Allies Hacked . | . . . . Hacks Repelled . | . . . . Allies | -11 -10 -9 -8 -------- Run | Yrd Mat Mat Mat Total Allies . | . . . . Largest Group . | . . . . Highest-Rated Group . | . . . . Highest-Rated Ally . | . . . . Total Orders . | . . . . Ally Attacks . | . . . . Total Damage . | . . . . Kills . | . . . . Allies Corrupted . | . . . . Allies Melted . | . . . . Intel | -11 -10 -9 -8 ------- Run | Yrd Mat Mat Mat Active Infowar (turns) 1755 | . 542 338 875 Sensors 556 | . . . 556 Terrain 78 | . . . 78 Structural 1677 | . 542 338 797 ECM 5 | . . . 5 Robot Analysis Total 2 | . 1 1 . Derelict Logs Recovered . | . . . . Drone Launches . | . . . . Drone Recoveries . | . . . . Exploration | -11 -10 -9 -8 ------------- Run | Yrd Mat Mat Mat Turns Passed 2036 | 172 590 338 936 Spaces Moved 1244 | 108 398 238 500 Core 49 | 11 . . 38 Treads 2 | 2 . . . Legs 1185 | 95 398 238 454 Wheels 8 | . . . 8 Hover . | . . . . Flight . | . . . . Fastest Speed 50 | 50 120 120 50 Average Speed 128 | 113 120 120 143 Slowest Speed 350 | 160 120 120 350 Overloaded Moves . | . . . . Propulsion Burnouts . | . . . . Robots Hopped . | . . . . Potential Cave-ins . | . . . . Cave-ins Triggered . | . . . . Exploration Rate (%) 40 | 6 71 31 52 Regions Visited 3 Branch Regions . Pre-discovered Areas . | . . . . Known Exits Taken . | . . . . Unknown Exits Taken 3 | 1 1 1 . Scrap Searched . | . . . . Spaces Dug . | . . . . Terrain Destroyed 75 | . . 15 60 Melee . | . . . . Projectile . | . . . . AOE 75 | . . 15 60 Terrain Rammed . | . . . . Walls Destroyed . | . . . . Machines Disabled . | . . . . Actions | -11 -10 -9 -8 --------- Run | Yrd Mat Mat Mat Total 1548 | 140 490 276 642 Wait 92 | 3 56 5 28 Move 1241 | 107 397 237 500 Hop . | . . . . Pick Up 51 | 13 11 10 17 Fast Attach 9 | 3 1 . 5 Attach 22 | 3 . 2 17 Detach 1 | . . . 1 Swap 23 | 1 2 6 14 Drop 32 | 2 11 8 11 Fire 70 | 8 12 8 42 Melee . | . . . . Ram 4 | . . . 4 Kick 3 | . . . 3 Crush . | . . . . Escape Stasis . | . . . . Rewire . | . . . . Trap . | . . . . Miscellaneous . | . . . . Route ------- -11/Scrapyard -10/Materials (discovered 3 exits: *Mat x2 / [*Min]) -9/Materials -8/Materials History --------- Turn | Location | Event 13 | -11/Scrapyard | Discovered new exit (range 15) 173 | -11/Scrapyard | Entered Materials 305 | -10/Materials | Build established: Mutant 494 | -10/Materials | Discovered new exit (range 12) 568 | -10/Materials | Discovered new exit (range 7) 641 | -10/Materials | Discovered new exit (range 3) 763 | -10/Materials | Entered another Materials area 763 | -9/Materials | Evolved 2 slots: Propulsion x2 1081 | -9/Materials | Discovered new exit (range 16) 1101 | -9/Materials | Entered another Materials area 1101 | -8/Materials | Evolved 2 slots: Utility x2 1519 | -8/Materials | Lost 3 parts (1p1n1w) 1638 | -8/Materials | Lost 6 parts (2n2u2w) 1939 | -8/Materials | Core integrity fell below 50% 1985 | -8/Materials | Lost 9 parts (1p2n4u2w) 2026 | -8/Materials | Core integrity fell below 20% 2037 | -8/Materials | Destroyed by G-47 Trooper with Particle Gun Last Messages --------------- 01965_ K-01 Serf cleans the Matter Filter. 01975_ Acquired 40 matter. 01977_ Acquired Prototype Ballistic Gun. 01977_ Identified Enh. Autogun. 01982_ U-05 Engineer builds a Door. 01987_ U-05 Engineer works on Electrolysis Chamber. 01988_ Hvy. EM Pulse Gun destroyed. 01989_ U-05 Engineer works on Electrolysis Chamber. 02001_ K-01 Serf collects debris. 02002_ U-05 Engineer completes Electrolysis Chamber. 02009_ FWEO>4N/#HMJEZ:KJPP,JX:DAFAMZUUET#9MVN 02017_ Kicked L-31 Rogue. 02020_ Carbon-fiber Leg destroyed. 02025_ Imp. Sensor Array destroyed. 02031_ Critical hit (Burn: +37). 02036_ Slammed into G-47 Trooper. 02036_ Destabilizing: Core damaged (-27). Map ----- +----------------------------------------------------+ | ## # # ??## #* # # | | ## # ! # ??## + # # | | ## # ##+### ] ###### # | | ## # # #### | | ## # # #### | | ########### ####""" """############ | | ########### """ ##################### # * | | ?????????## """ !!!#?###########??####### | | ?????????## " !!!#?######???????####### | | ?????????## !! ###!!!!######??## | | ??????????## ##! ! !!#??## + | | ???????????# ## !!#??## # | | ???????????# ## !!#??## + | | ???????????# !!#??## ### | | ???????????# ########## **#??## ### | | ???????????### #######???????# **#??########### | | ?????????????# ??#???????????# #####??########### | | ?????????????# ???????# #### ########????????## | | ?????????????# ???????# ##????## | | ?????????????# ???????# #### ########???????? | | ?????????#???# ??????????????# #????????????? | | ????????????##?? ????????#####/###????#???? | | ???????????????????????#?# g #????## ### | | ???????????????? ??????#m# ! ! #????## ### | | ?????????????????##+####a# g! #????## ???? | | ?????????????# g@ l ! #??#?## ???? | | ?????????????# #### # #??#?## ????? | | ???????????????????????#+#########????## ?????? | | ????????????????????????????????????? ?????? | | ?????????????????????????????????????###/###?????? | | ???????????????? ???????????????????? ?????? | | ?????????????????????????????????????????????????? | | ???????????????#???????????????#?#????? ?????????? | | ??????????????????????????????????????? ?????????? | | ?????????????????????????????????????????????????? | | ??????????????????????????????????????#??????????? | | ????????????????????????????????#????????????????? | | ?????????????????????????????????????????????????? | | ?????????????????????????????????????????????????? | | ?????????????????????????????????????????????????? | | ?????????????????????????????????????????????????? | | ?????????????????????????????????????????????????? | | ?????????????????????????????????????????????????? | | ?????????????????????????????????????????????????? | | ?????????????????????????????????????????????????? | | ?????????????????????????????????????????????????? | | ?????????????????????????????????????????????????? | | ?????????????????????????????????????????????????? | | ?????????????????????????????????????????????????? | | ?????????????????????????????????????????????????? | +----------------------------------------------------+ Best States ------------- Heat Dissipation 31 Energy Generation 14 Energy Capacity 280 Matter Stores 300 Matter Capacity 300 Sight Range 16 Robot Scan Range 15 Terrain Scan Range 16 Terrain Scan Density 10 Armor Coverage 375 Evasion (%) 55 Item Schematics ----------------- None Robot Schematics ------------------ None Fabricated ------------ Nothing Repaired ---------- Nothing Studied --------- None Alien Tech Used ----------------- None Achievements -------------- Loot Pinata Oops Challenges ------------ None Game ------ Seed RapidPlasmaFlightbrick Manual? 0 Play Time 01:18:54 Cumulative 4.1 hours Start 2026.08.09 @ 23:09:21 End 2026.08.10 @ 00:36:58 Sessions 1 Manual Loads 0 Difficulty Rogue Special Mode None Game No. 5 Rogue 5 Adventurer 0 Explorer 0 Win Type - Total 0 Types 0/0/0/0/0/0/0/0/0/0 Lore% 1 Gallery% 5 Achievement% 6 Wizard Run 0 Options --------- Layout 1 ASCII 0 Keyboard 0 Movement Mouse Keybinds 0 Fullscreen 1 Font 32/SmallcapsGlow Map View 50x35 Zoom Use 1% Tactical HUD 1 Map Filters NONE Filters NONE Steam 1 RUN: 1faa9feb-3569-475b-9c4b-3b2fd11a00f7